 Dungeon Crawl Stone Soup version 0.28.0-53-g5a82cb258f (webtiles) character file.

Game seed: 9829711118090893586

16604 funkygono the Arsonist (level 12, -1/66 HPs)
             Began as a Gargoyle Fire Elementalist on July 12, 2022.
             Was a Priest of Vehumet.
             Slain by a death yak (19 damage)
             ... on level 2 of the Lair of Beasts on July 13, 2022.
             The game lasted 00:33:32 (15438 turns).

funkygono the Arsonist (GrFE)                      Turns: 15438, Time: 00:33:33

Health: -1/66      AC: 21    Str: 11    XL:     12   Next: 39%
Magic:  15/26      EV: 12    Int: 37    God:    Vehumet [***...]
Gold:   2074       SH:  0    Dex: 10    Spells: 18/32 levels left

rFire   . . .      SeeInvis .   L - +2 mace of Ambiguity {protect, Fragile Int+9}
rCold   . . .      Faith    .   (no shield)
rNeg    + . .      Spirit   .   N - +1 robe {Archmagi}
rPois   ∞          Reflect  .   H - +2 hat {Stlth+}
rElec   +          Harm     .   F - +2 cloak {rCorr}
rCorr   +          Rampage  .   k - +0 pair of gloves
Will    .....      Archmagi +   (no boots)
Stlth   +++.......              (no amulet)
HPRegen 0.21/turn               y - +6 ring of intelligence
MPRegen 0.20/turn               q - +4 ring of protection

@: slowed, very slow
A: sickness immunity, AC +8, negative energy resistance 1, electricity
resistance, torment resistance 1, petrification resistance
a: Renounce Religion


You were on level 2 of the Lair of Beasts.
You worshipped Vehumet.
Vehumet was most pleased with you.
You visited 3 branches of the dungeon, and saw 12 of its levels.
You also visited: Bailey.

You collected 2562 gold pieces.
You spent 488 gold pieces at shops.

Inventory:

Hand Weapons
 c - the +9 trident of Ejafuzah {spect, Str+2}
   (You found it on level 3 of the Dungeon)

   When its wielder attacks, the weapon's spirit leaps out and strikes again.
   The spirit shares a part of any damage it takes with its wielder.
   Str:       It affects your strength (+2).
 n - a +1 demon whip
 r - a +3 flail
 L - the +2 mace of Ambiguity (weapon) {protect, Fragile Int+9}
   (You found it in a bailey)

   It grants its wielder temporary protection when it strikes (+7 to AC).
   Int:       It affects your intelligence (+9).
   Fragile:   It will be destroyed if unequipped.
Armour
 a - a +0 helmet
 k - a +0 pair of gloves (worn)
 w - +0 steam dragon scales
 F - a +2 cloak of preservation (worn)
 H - a +2 hat of stealth (worn)
 I - a scarf of resistance
 N - a +1 robe of the Archmagi (worn)
Jewellery
 q - a +4 ring of protection (right hand)
 t - the ring of Reulo {Fly rC+ Dex+2}
   (You took it off an orc on level 6 of the Dungeon)

   [ring of flight]

   Dex:       It affects your dexterity (+2).
   rC:        It protects you from cold.
   Fly:       It grants you flight.
 y - a +6 ring of intelligence (left hand)
 M - a ring of see invisible
Wands
 b - a wand of paralysis (1)
 s - a wand of iceblast (15)
 v - a wand of digging (1)
 x - a wand of charming (15)
 C - a wand of acid (12)
Scrolls
 m - 4 scrolls of magic mapping
 z - 3 scrolls of identify
 A - a scroll of amnesia
 B - a scroll of teleportation
 D - a scroll of fear
Potions
 d - 2 potions of might
 e - a potion of curing
 f - 5 potions of heal wounds
 h - 6 potions of mutation
 i - a potion of berserk rage
 j - 2 potions of haste
 o - a potion of brilliance
Miscellaneous
 J - a piece from Xom's chessboard (15/15)


   Skills:
 * Level 4.1 Fighting
 + Level 2.8 Maces & Flails
 + Level 3.7 Dodging
 + Level 4.3 Stealth
 + Level 10.6 Spellcasting
 + Level 9.4 Conjurations
 + Level 10.9 Fire Magic
 + Level 7.4 Earth Magic
 + Level 0.1 Evocations


You had 18 spell levels left.
You knew the following spells:

 Your Spells              Type           Power      Damage    Failure   Level
a - Foxfire               Conj/Fire      100%       2x1d9     1%          1
b - Scorch                Fire           100%       2d10      1%          2
c - Flame Wave            Conj/Fire      97%        2d16      1%          4
d - Stone Arrow           Conj/Erth      100%       3d13      1%          3
e - Magic Dart            Conj           100%       1d8       1%          1
f - Mephitic Cloud        Conj/Pois/Air  59%        N/A       1%          3

Your spell library contained the following spells:

 Spells                   Type           Power      Damage    Failure   Level
 Sandblast                Erth           100%       2d20      1%          1
 Passwall                 Tmut/Erth      52%        N/A       1%          2
 Conjure Flame            Conj/Fire      97%        6-21      1%          3
 Inner Flame              Hex/Fire       74%        N/A       1%          3
 Ensorcelled Hibernation  Hex/Ice        58%        N/A       3%          2
 Portal Projectile        Hex/Tloc       58%        N/A       6%          3
 Spider Form              Tmut/Pois      29%        N/A       6%          3
 Anguish                  Hex/Necr       14%        N/A       21%         4
 Blade Hands              Tmut           14%        N/A       50%         5
 Excruciating Wounds      Necr           14%        N/A       50%         5
 Summon Cactus Giant      Summ           14%        N/A       97%         6


Dungeon Overview and Level Annotations

Branches:
Dungeon (9/15)             Temple (1/1) D:6            Lair (1/6) D:8
 Bailey (visited)
    Orc: D:9-12

Altars:
Ashenzari
Cheibriados
Dithmenos
Elyvilon
Fedhas
Gozag
Hepliaklqana
Kikubaaqudgha
Makhleb
Nemelex Xobeh
Okawaru
Qazlal
Ru
Sif Muna
Trog
Uskayaw
Vehumet
Wu Jian
Xom
Yredelemnul
Zin
The Shining One
Lugonu

Shops:
D:1 :   D:2 (*(?   D:4 (   D:5 !

Portals:
Abyss: D:4

Annotations:
D:4 2 transporters, mandor's ghost, novice DjVM
D:5 2 transporters, Vorhees's ghost, novice GnWn
D:9 2 transporters, Discosetron's ghost, novice OgMo
Lair:2 Fannar


Innate Abilities, Weirdness & Mutations

You are immune to sickness and miasma.
Your stone body is resilient. (AC +8)
You are immune to poison.
You resist negative energy. (rN+)
You are resistant to electric shocks. (rElec)
You are resistant to unholy torment.
You are immune to petrification.


Message History

You see here a bullfrog corpse.
There are monsters nearby!
Unknown command.
A bog body comes into view.
A death yak comes into view. x2
You see here a bullfrog corpse.
The bog body points at you and mumbles some strange words.
You feel yourself slow down.
You see here a water moccasin corpse.
The sentinel's mark upon you fades away.
A death yak comes into view.
As you read the scroll of teleportation, it crumbles to dust.
You feel strangely unstable.
A death yak comes into view.
The death yak gores you!
A bog body comes into view.
Unknown command.
A bog body comes into view.
Your surroundings seem slightly different.
Found a scratched bronze ring.
The bog body closely misses you. The bog body casts a spell at you.
You resist with significant effort.
The bog body moves out of view.
You see here a bullfrog corpse.
The bog body touches you but does no damage.
The death yak gores you! The bog body casts a spell at you.
You feel as though you will be slow longer.
The death yak gores you! The bog body casts a spell at you.
You resist with significant effort.
The death yak bellows!
You see here a bullfrog corpse.
Okay, then.
Unknown command.
The death yak gores you but does no damage. x2
The death yak gores you! The death yak gores you.
* * * LOW HITPOINT WARNING * * *
Fannar the Cold-Hearted comes into view.
They are wielding a staff of cold and wearing a +1 robe of cold resistance.
The death yak gores you!!
You die...

###....P.........
.................
...............e
..............♣
##....Y.....♣
.......P.....♣
.##....#nn...♣
##.....#YYY..♣
#..#....#@##†+#♣♣♣♣♣
.........YY...n....♣♣♣♣♣♣♣
......................n...
..........................
..........................
.....................###..
.....................#
###.....#..#..##....#
#.#....#...#.##......


You could see Fannar, 6 death yaks and 3 bog bodies.

Vanquished Creatures
  Gastronok (D:9)
  Harold (D:7)
  Erica (D:9)
  A two-headed ogre (D:8)
  A hydra (Lair:1)
  An orc knight (Bailey)
  A black mamba (Lair:1)
  A cane toad (Lair:1)
  Maggie (D:6)
  A rime drake (Lair:1)
  2 komodo dragons (Lair:1)
  3 blink frogs (Lair:1)
  A troll (D:8)
  Prince Ribbit (D:6)
  Grinder (D:6)
  Sigmund (D:6)
  2 wyverns (Lair:1)
  A basilisk (Lair:2)
  2 wraiths (D:9)
  13 yaks
  Menkaure (D:6)
  10 water moccasins
  2 orc warriors
  2 black bears
  2 necrophages
  7 wolves
  8 ogres
  5 centaurs
  2 phantoms (D:5)
  7 kobold brigands
  2 wyvern zombies
  7 bullfrogs
  A gnoll sergeant (D:9)
  A water moccasin zombie (D:5)
  3 scorpions
  2 wyvern skeletons
  4 killer bees (D:8)
  A wight (D:7)
  3 howler monkeys
  3 electric eels (D:8)
  A bullfrog zombie (D:7)
  3 centaur zombies
  2 centaur skeletons
  9 hounds
  Crazy Yiuf (D:7)
  A gnoll shaman (D:5)
  8 orc priests
  3 iron imps (D:3)
  2 jellies (D:7)
  A bullfrog skeleton (D:6)
  Terence (D:3)
  2 iguanas
  4 orc wizards
  A scorpion zombie (D:5)
  Natasha (thrice) (D:4)
  2 killer bee zombies (D:5)
  A hound zombie (D:5)
  5 gnolls
  8 adders
  A shadow imp (D:5)
  2 white imps
  2 ufetubi
  2 adder skeletons (D:4)
  A dart slug (D:3)
  41 orcs
  4 endoplasms
  3 giant cockroaches
  6 goblins
  7 hobgoblins
  8 jackals
  A quokka (D:4)
  8 ball pythons
  4 bats
  3 frilled lizards
  21 kobolds
  4 rats
286 creatures vanquished.

Vanquished Creatures (collateral kills)
  6 foxfires
6 creatures vanquished.

Vanquished Creatures (others)
  1344 foxfires
  6 fungi
  4 plants (Lair:1)
1354 creatures vanquished.

Grand Total: 1646 creatures vanquished

Notes
Turn   | Place    | Note
-------+----------+-------------------------------------------
     0 | D:1      | funkygono the Gargoyle Fire Elementalist began the quest
                  | for the Orb.
     0 | D:1      | Reached XP level 1. HP: 10/10 MP: 3/3
   318 | D:1      | Noticed a shining eye
   325 | D:1      | Found a faded altar of an unknown god.
   327 | D:1      | Reached XP level 2. HP: 15/15 MP: 1/5
   367 | D:1      | Noticed a great orb of eyes
   369 | D:1      | Noticed a floating eye
   369 | D:1      | Noticed an eye of devastation
   376 | D:1      | Learned a level 2 spell: Scorch
   479 | D:1      | Found Yrhues's Book Shop.
  1532 | D:2      | Reached XP level 3. HP: 19/19 MP: 1/6
  1676 | D:2      | Found Lyt Zouhi's Assorted Antiques.
  1704 | D:2      | Found Jeom's Weapon Shoppe.
  1745 | D:2      | Found Miaziar's Weapon Shoppe.
  2472 | D:2      | Found Gymeanat's Magic Scroll Boutique.
  2478 | D:2      | Bought a scroll of identify for 28 gold pieces
  2793 | D:3      | Reached XP level 4. HP: 24/24 MP: 2/8
  2902 | D:3      | Identified the +9 trident of Ejafuzah {spect, Str+2}
  2936 | D:3      | Found a glowing silver altar of Zin.
  2936 | D:3      | Noticed an angel
  3077 | D:3      | Noticed Terence
  3088 | D:3      | Killed Terence
  3164 | D:3      | Found an opulent altar of Gozag.
  3428 | D:3      | Reached XP level 5. HP: 28/28 MP: 3/9
  3784 | D:3      | Found a burning altar of Makhleb.
  3959 | D:3      | Reached XP level 6. HP: 29/32 MP: 10/10
  4162 | D:3      | Identified a scroll of acquirement
  4162 | D:3      | Acquired 1032 gold pieces
  4172 | D:3      | Learned a level 4 spell: Flame Wave
  4179 | D:4      | Noticed a black bear
  4279 | D:3      | Killed a black bear
  4280 | D:3      | Reached skill level 1 in Maces & Flails
  4280 | D:3      | Reached skill level 5 in Fire Magic
  4395 | D:4      | Noticed a necrophage
  4400 | D:4      | Killed a necrophage
  4401 | D:4      | Reached XP level 7. HP: 36/36 MP: 7/12
  4481 | D:4      | Noticed mandor's ghost (novice DjVM)
  4490 | D:4      | Found a transporter.
  4506 | D:4      | Found a transporter.
  4513 | D:4      | Found Peripad's Antique Weapon Shop.
  4517 | D:4      | Noticed Natasha
  4522 | D:4      | Killed Natasha
  4580 | D:4      | Noticed Natasha
  4588 | D:4      | Killed Natasha
  4650 | D:4      | Noticed Natasha
  4669 | D:4      | Killed Natasha
  4799 | D:4      | Bought a demon whip for 330 gold pieces
  4822 | D:4      | Learned a level 3 spell: Stone Arrow
  4893 | D:4      | Found a one-way gate to the infinite horrors of the Abyss.
  4995 | D:4      | Found a glowing golden altar of the Shining One.
  5051 | D:4      | Found a shimmering blue altar of Sif Muna.
  5295 | D:4      | Found a sacrificial altar of Ru.
  5535 | D:5      | Entered Level 5 of the Dungeon
  5539 | D:5      | Reached skill level 1 in Earth Magic
  5677 | D:5      | Found Veczouz's Distillery.
  5685 | D:5      | Bought a potion of heal wounds for 65 gold pieces
  5685 | D:5      | Bought a potion of heal wounds for 65 gold pieces
  5826 | D:5      | Reached XP level 8. HP: 6/42 MP: 6/15
  6138 | D:5      | Reached skill level 1 in Fighting
  6261 | D:5      | Reached skill level 5 in Spellcasting
  6670 | D:5      | Reached XP level 9. HP: 48/48 MP: 13/17
  6764 | D:5      | Found a transporter.
  6775 | D:5      | Noticed Vorhees's ghost (novice GnWn)
  6778 | D:5      | Found a transporter.
  6790 | D:5      | Reached skill level 5 in Conjurations
  7596 | D:6      | Found a sparkling altar of Nemelex Xobeh.
  7599 | D:6      | Found a hazy altar of Hepliaklqana.
  7871 | D:6      | Found an ornate altar of the Wu Jian Council.
  7873 | D:6      | Found a shadowy altar of Dithmenos.
  8033 | D:6      | Found a staircase to the Ecumenical Temple.
  8049 | Temple   | Entered the Ecumenical Temple
  8272 | D:6      | Reached skill level 5 in Earth Magic
  8299 | D:6      | Noticed Prince Ribbit
  8300 | D:6      | Identified the ring of Reulo {Fly rC+ Dex+2}
  8302 | D:6      | Killed Prince Ribbit
  8526 | D:6      | Noticed Menkaure
  8531 | D:6      | Killed Menkaure
  8636 | D:6      | Reached XP level 10. HP: 50/53 MP: 6/20
  8743 | D:6      | Noticed Grinder
  8762 | D:6      | Killed Grinder
  8867 | D:6      | Noticed Maggie
  8879 | D:6      | Killed Maggie
  8971 | D:6      | Found a radiant altar of Vehumet.
  8978 | D:6      | Noticed Sigmund
  8984 | D:6      | Killed Sigmund
  8987 | D:6      | Became a worshipper of Vehumet
  9376 | D:7      | Found a bloodstained altar of Trog.
  9934 | D:7      | Noticed Harold
  9950 | D:7      | Killed Harold
 10197 | D:7      | Reached * piety under Vehumet
 10197 | D:7      | Offered knowledge of Magic Dart by Vehumet.
 10629 | D:7      | Found a runed translucent door.
 10630 | D:7      | Noticed Crazy Yiuf
 10772 | D:7      | Found an ancient bone altar of Kikubaaqudgha.
 10939 | D:7      | Killed Crazy Yiuf
 11007 | D:7      | Learned a level 1 spell: Magic Dart
 11036 | D:8      | Found a broken altar of Ashenzari.
 11219 | D:8      | Reached XP level 11. HP: 55/57 MP: 17/23
 11257 | D:8      | Found a white marble altar of Elyvilon.
 11613 | D:8      | Noticed a two-headed ogre
 11621 | D:8      | Killed a two-headed ogre
 12030 | D:8      | Offered knowledge of Freeze by Vehumet.
 12094 | D:8      | Found a staircase to the Lair.
 12301 | D:9      | Noticed Gastronok
 12319 | D:9      | Killed Gastronok
 12522 | D:9      | Reached ** piety under Vehumet
 12530 | D:9      | Reached skill level 10 in Fire Magic
 12533 | D:9      | Found a flagged portal.
 12686 | Bailey   | Entered a bailey
 12887 | Bailey   | Noticed an orc knight
 12906 | Bailey   | Killed an orc knight
 13254 | Bailey   | Found an iron altar of Okawaru.
 13320 | Bailey   | Identified the +2 mace of Ambiguity {protect, Fragile
                  | Int+9}
 13570 | D:9      | Found a snail-covered altar of Cheibriados.
 13662 | D:9      | Found a transporter.
 13744 | D:9      | Found a transporter.
 13744 | D:9      | Noticed Discosetron's ghost (novice OgMo)
 13897 | D:9      | Noticed Erica
 13921 | D:9      | Killed Erica
 14420 | Lair:1   | Entered Level 1 of the Lair of Beasts
 14426 | Lair:1   | Noticed an eight-headed hydra
 14432 | Lair:1   | Killed an eight-headed hydra
 14494 | Lair:1   | Reached XP level 12. HP: 59/64 MP: 16/25
 14546 | Lair:1   | Offered knowledge of Mephitic Cloud by Vehumet.
 14547 | Lair:1   | Reached skill level 10 in Spellcasting
 14551 | Lair:1   | Learned a level 3 spell: Mephitic Cloud
 15109 | Lair:1   | Reached *** piety under Vehumet
 15380 | Lair:1   | You fall into a shaft and drop 1 floor!
 15425 | Lair:2   | Noticed a death yak
 15425 | Lair:2   | Noticed a death yak
 15428 | Lair:2   | Noticed a death yak
 15428 | Lair:2   | Noticed a death yak
 15432 | Lair:2   | Noticed a death yak
 15433 | Lair:2   | Noticed a death yak
 15438 | Lair:2   | Noticed Fannar
 15438 | Lair:2   | Slain by a death yak

Illustrated notes

Levels and vault maps discovered:
D:1:      lightli_arrival_lavapool, layout_loops_corners,
          hellmonk_ecumenical_altar_watching_god, serial_shops,
          nicolae_diamond_shop, nicolae_figureground_sparkle
D:2:      layout_basic, serial_shops, shop, nicolae_shop_bloodbath_and_beyond,
          shop, nicolae_shop_competitors_out_of_business
D:3:      layout_basic, zin_angel,
          nicolae_gozag_cash_rules_everything_around_me, demons_altar,
          nrook_mini_vaults, uniq_terence
D:4:      layout_cave_pools, general_overflow_altar,
          mainiacjoe_overflow_catch_the_wave, serial_shops, shop,
          gammafunk_ghost_abyssal_escape, uniq_natasha
D:5:      minmay_polygon_palace, layout_rooms, serial_shops, shop,
          gammafunk_ghost_smash
D:6:      layout_gridville, vehumet_crystals, grunt_temple_overflow_open,
          minmay_temple_entry_wispy, uniq_sigmund, uniq_maggie, uniq_grinder,
          uniq_menkaure, uniq_prince_ribbit1
D:7:      minmay_inner_zag, layout_basic, mainiacjoe_overflow_alcove_2,
          mainiacjoe_overflow_catwalk, grunt_tough_drop,
          uniq_crazy_yiuf_cottage, uniq_harold
D:8:      layout_gridville, mainiacjoe_overflow_small_starburst,
          ashenzari_conservatory_becter, erik_lair_island, due_unseen_surprise
D:9:      cheibrodos_elevator_heist, layout_irregular_city, lemuel_tele_altar,
          enter_bailey_2, gammafunk_ghost_stat_death, uniq_gastronok, uniq_erica
Temple:   corrupted_temple
Lair:1:   layout_regular_city, grunt_megastairs_1
Lair:2:   layout_regular_city, nicolae_swamp_entry_splash_gauntlet,
          lemuel_oklob_altar, infiniplex_staircase_pool, uniq_fannar

Skill      XL: |  1  2  3  4  5  6  7  8  9 10 11 12 |
---------------+-------------------------------------+-----
Conjurations   | 2 3 4 6 7 9 |  9.4
Spellcasting   | 3 4 5 7 8 9 10 | 10.6
Fire Magic     | 4 5 6 8 9 10 | 10.9
Maces & Flails | 1 2 |  2.8
Dodging        | 2 3 |  3.7
Stealth        | 3 4 |  4.3
Earth Magic    | 1 3 5 7 |  7.4
Fighting       | 1 2 4 |  4.1
Evocations     | |  0.1

Action                   |  1- 3 |  4- 6 |  7- 9 | 10-12 || total
-------------------------+-------+-------+-------+-------++-------
Melee: Club              |     9 |       |       |       ||     9
       Whip              |     2 |       |       |       ||     2
       Flail             |     1 |    26 |    27 |    20 ||    74
       Punch             |       |       |     1 |     2 ||     3
       Mace              |       |       |       |    32 ||    32
 Cast: Foxfire           |    65 |    92 |   250 |   385 ||   792
       Scorch            |     1 |     3 |    29 |    62 ||    95
       Flame Wave        |       |       |     1 |     9 ||    10
       Stone Arrow       |       |       |       |    24 ||    24
       Magic Dart        |       |       |       |     1 ||     1
Evoke: Wand              |       |       |       |     1 ||     1
  Use: Scroll            |     3 |     3 |     3 |    13 ||    22
       Potion            |       |       |       |     3 ||     3
Armor: Robe              |     6 |    29 |    59 |    33 ||   127
       Steam dragon scal |       |       |       |    76 ||    76
Dodge: Dodged            |    17 |    34 |    68 |   106 ||   225
